 Dungeon Crawl Stone Soup version 0.29-a0-334-gb41bcbb86e (webtiles) character file.

Game seed: 17502979229338727

246 bande the Covered (level 6, -6/38 HPs)
             Began as a Gargoyle Fighter on Apr 15, 2022.
             Was an Initiate of Okawaru.
             Killed by divine providence
             ... invoked by an orc priest
              (12 damage)
             ... on level 3 of the Dungeon.
             The game lasted 00:04:59 (2208 turns).

bande the Covered (Gargoyle Fighter)                Turns: 2208, Time: 00:04:59

Health: -6/38      AC: 12    Str: 20    XL:     6   Next: 11%
Magic:  6/6        EV: 12    Int:  8    God:    Okawaru [......]
Gold:   69         SH:  9    Dex: 11    Spells: 5/5 levels left

rFire   . . .      SeeInvis .   a - +0 war axe
rCold   . . .      Faith    .   e - +1 kite shield
rNeg    + . .      Spirit   .   b - +0 scale mail
rPois   ∞          Reflect  .   (no helmet)
rElec   +          Harm     .   j - +0 cloak
rCorr   .          Rampage  .   (no gloves)
Will    .....                   (no boots)
Stlth   ..........              (no amulet)
HPRegen 0.12/turn               c - +4 ring of evasion
MPRegen 0.10/turn               (no ring)

@: studying Armour
A: sickness immunity, AC +4, negative energy resistance 1, electricity
resistance, torment resistance 1, petrification resistance
a: Renounce Religion


You were on level 3 of the Dungeon.
You worshipped Okawaru.
Okawaru was noncommittal.
You visited 1 branch of the dungeon, and saw 3 of its levels.

You collected 69 gold pieces.

Inventory:

Hand Weapons
 a - a +0 war axe (weapon)
 i - a +0 flail
Armour
 b - a +0 scale mail (worn)
 e - a +1 kite shield (worn)
 j - a +0 cloak (worn)
Jewellery
 c - a +4 ring of evasion (left hand)
Wands
 l - a wand of digging (4)
Scrolls
 h - 2 scrolls of blinking
Potions
 d - 2 potions of might
 f - a potion of invisibility
 g - a potion of brilliance {unknown}
 k - a potion of heal wounds {unknown}


   Skills:
 + Level 4.1 Fighting
 + Level 3.9 Axes
 + Level 4.8 Armour
 + Level 4.1 Shields
 * Level 0.3 Invocations


You had 5 spell levels left.
You didn't know any spells.
Your spell library was empty.

Dungeon Overview and Level Annotations

Branches:
Dungeon (3/15)

Altars:
Cheibriados
Fedhas
Nemelex Xobeh
Okawaru
Uskayaw

Shops:
D:1 [


Innate Abilities, Weirdness & Mutations

You are immune to sickness and miasma.
Your stone body is resilient. (AC +4)
You are immune to poison.
You resist negative energy. (rN+)
You are resistant to electric shocks. (rElec)
You are resistant to unholy torment.
You are immune to petrification.


Message History

The orc priest is severely wounded.
You hit the orc. The orc priest closely misses you. You block the orc's attack.
The orc hits you but does no damage.
The orc priest hits you with a +0 flail.
You are too injured to fight recklessly!
You are too injured to fight recklessly!
You are too injured to fight recklessly!
You are too injured to fight recklessly!
You are too injured to fight recklessly!
Unknown command.
You closely miss the orc.
The orc is lightly wounded.
You hit the orc priest but do no damage.
You hit the orc wizard. The orc wizard barely misses you.
You block the orc priest's attack. The orc closely misses you.
You barely miss the orc.
The orc is lightly wounded.
You hit the orc priest. You completely miss the orc wizard.
You block the orc priest's attack.
The orc wizard hits you but does no damage.
The orc hits you but does no damage. The orc hits you with a +0 dagger.
You block the orc wizard's attack.
The orc priest calls upon Beogh to heal the orc.
The orc's wounds heal themselves!
You hit the orc.
The orc is lightly wounded.
You hit the orc wizard. You barely miss the orc priest.
The orc priest calls down the wrath of Beogh upon you.
Beogh smites you!
* * * LOW HITPOINT WARNING * * *
The orc wizard gestures at you while chanting.
The magic dart hits you.
* * * LOW HITPOINT WARNING * * *
You block the orc's attack.
You hit the orc.
The orc is almost dead.
You completely miss the orc priest. You hit the orc wizard.
The orc priest calls down the wrath of Beogh upon you.
Beogh smites you!
You die...

#### #.#.#.#. .. ..
....##.#..... ##+#. .#
#.#........## #.... .#
#.#..#....... #....#.#
#.#..#####.#. #....#.#
#.#..#####.#. ##....#.#
#.#........#.
#....ooo###.#...######.
#...@.....#...# #.
#....##.......# #.
#.#..##.#.#.#.# #. #
#.......#.#.# #)
#...#.#.#.#.# #.
#...#.#.#.#.# #.
#..##<#.#.#.# #.
#.......#.#.# #.
#########.# #.


You could see an orc priest, an orc wizard and an orc.

Vanquished Creatures
  A black bear (D:2)
  An orc wizard (D:3)
  4 gnolls (D:3)
  3 adders
  An ufetubus (D:2)
  A worm (D:2)
  2 dart slugs
  3 orcs (D:3)
  4 ball pythons (D:1)
  7 endoplasms
  2 giant cockroaches (D:2)
  6 goblins
  6 hobgoblins
  A quokka (D:1)
  4 bats
  3 frilled lizards
  5 rats
54 creatures vanquished.

Notes
Turn   | Place    | Note
-------+----------+-------------------------------------------
     0 | D:1      | bande the Gargoyle Fighter began the quest for the Orb.
     0 | D:1      | Reached XP level 1. HP: 14/14 MP: 1/1
   174 | D:1      | Reached XP level 2. HP: 18/19 MP: 2/2
   406 | D:1      | Found Izxesy's Armour Boutique.
  1043 | D:2      | Reached XP level 3. HP: 12/23 MP: 3/3
  1251 | D:2      | Found a faded altar of an unknown god.
  1392 | D:2      | Noticed a black bear
  1409 | D:2      | Killed a black bear
  1410 | D:2      | Reached XP level 4. HP: 19/29 MP: 4/4
  1410 | D:2      | Reached XP level 5. HP: 22/33 MP: 5/5
  1522 | D:2      | Identified a scroll of acquirement
  1522 | D:2      | Acquired a manual of Armour
  1986 | D:3      | Reached XP level 6. HP: 34/38 MP: 6/6
  2054 | D:3      | Found a sparkling altar of Nemelex Xobeh.
  2054 | D:3      | Found a snail-covered altar of Cheibriados.
  2063 | D:3      | Found a hide-covered altar of Uskayaw.
  2065 | D:3      | Found an iron altar of Okawaru.
  2067 | D:3      | Found a blossoming altar of Fedhas.
  2073 | D:3      | Became a worshipper of Warmaster Okawaru
  2208 | D:3      | Killed from afar by an orc priest

Illustrated notes

Levels and vault maps discovered:
D:1:      dpeg_chamrin_arrival_tetris, layout_basic, serial_shops, shop
D:2:      layout_rooms, hellmonk_ecumenical_altar_blasted
D:3:      layout_basic, chequers_temple_overflow_minitemple,
          minmay_randomly_rotated_circles

Skill      XL: |  1  2  3  4  5 |
---------------+----------------+-----
Axes           | 2 3 |  3.9
Armour         | 4 |  4.8
Fighting       | 4 |  4.1
Shields        | 4 |  4.1
Invocations    | |  0.3

Action                   |  1- 3 |  4- 6 || total
-------------------------+-------+-------++-------
Melee: War axe           |    81 |    54 ||   135
  Use: Scroll            |     6 |     3 ||     9
       Potion            |     1 |       ||     1
Armor: Scale mail        |    54 |    22 ||    76
Dodge: Dodged            |    30 |    29 ||    59
Block: Kite shield       |    34 |    31 ||    65
       Buckler           |     2 |       ||     2

Table legend: (Time is in decaauts)
 A = Elapsed time spent in this place.
 B = Non-inter-level travel time spent in this place.
 C = Inter-level travel time spent in this place.
 D = Time resting spent in this place.
 E = Time spent auto-exploring this place.
 F = Levels seen in this place.
 G = Mean time per level.
                   A        B        C        D        E       F      G
               +--------+--------+--------+--------+--------+-----+--------+
         Total |   2278 |   2162 |    116 |    152 |   1512 |   3 |  759.3 |
       Dungeon |   2278 |   2162 |    116 |    152 |   1512 |   3 |  759.3 |
               +--------+--------+--------+--------+--------+-----+--------+

Top non-repeatable levels by time:
     D:1: 1037 daAuts
     D:2: 782 daAuts
     D:3: 458 daAuts
